[Event "150 Years SG Braunschweig"]
[Site "Brunswick"]
[Date "2019.10.21"]
[Round "1.4"]
[White "Pajeken, Jakob Leon"]
[Black "Reuker, Jari"]
[Result "0-1"]
[ECO "E63"]
[WhiteElo "2323"]
[BlackElo "2394"]
[Annotator "NA"]
[PlyCount "80"]
[EventDate "2019.10.21"]
[EventType "tourn"]
[EventCountry "GER"]
[SourceTitle "playchess.com"]
[Source "ChessBase"]
[SourceQuality "1"]
[TimeControl "40/5400+30:900+30"]

1. d4 Nf6 2. c4 g6 3. g3 Bg7 4. Bg2 O-O 5. Nc3 d6 6. Nf3 Nc6 7. O-O a6 8. b3 Rb8 9. d5 Na5 10. Bg5 h6 11. Bd2 c5 12. dxc6 Nxc6 13. Rc1 Bf5 14. Ne1 Qd7 15. Nd5 Ne4 16. Be3 g5 17. b4 e6 18. Nb6 Qe7 19. Nd3 Rfd8 20. b5 axb5 21. cxb5 Nd4 22. a4 d5 23. f3 Qa3 24. fxe4 dxe4 25. Nc4 Qa2 26. Nb4 Nxe2+ 27. Kh1 Rxd1 28. Nxa2 Nxc1 29. Nxc1 Rbd8 30. Nb3 Bg4 31. Nc5 Be2 32. Kg1 Bxc4 33. Rxd1 Rxd1+ 34. Kf2 f5 35. Nxb7 Ra1 36. Nc5 Ra2+ 37. Kg1 Ra1+ 38. Kf2 Bc3 39. b6 Be1+ 40. Kg1 Ba5+ 0-1

[Event "150 Years SG Braunschweig"]
[Site "Brunswick"]
[Date "2019.10.21"]
[Round "1.5"]
[White "Buckels, Valentin"]
[Black "Olsen, Filip Boe"]
[Result "1-0"]
[ECO "D02"]
[WhiteElo "2442"]
[BlackElo "2380"]
[Annotator "NA"]
[PlyCount "65"]
[EventDate "2019.10.21"]
[EventType "tourn"]
[EventCountry "GER"]
[SourceTitle "playchess.com"]
[Source "ChessBase"]
[SourceQuality "1"]
[TimeControl "40/5400+30:900+30"]

1. d4 Nf6 2. Nf3 d5 3. Bf4 c5 4. e3 Nc6 5. Nbd2 cxd4 6. exd4 Bf5 7. c3 e6 8. Qb3 Bd6 9. Qxb7 Bxf4 10. Qxc6+ Kf8 11. Ne5 Rb8 12. Qc5+ Kg8 13. Qxa7 Qe8 14. Ndf3 Rxb2 15. Bd3 Ne4 16. O-O h6 17. Rab1 Rxb1 18. Rxb1 Kh7 19. Rb7 Qa8 20. g4 Qxa7 21. Rxa7 Bg6 22. Nxg6 fxg6 23. Nh4 Rc8 24. c4 Bg5 25. Nf3 Bf6 26. c5 Ng5 27. Nxg5+ hxg5 28. Ba6 Rc6 29. Bb5 Rc8 30. Bd7 Rf8 31. Ra3 Bxd4 32. Rh3+ Kg8 33. Bxe6+ 1-0

[Event "150 Years SG Braunschweig"]
[Site "Brunswick"]
[Date "2019.10.24"]
[Round "7.3"]
[White "Olsen, Filip Boe"]
[Black "Lubbe, Nikolas"]
[Result "0-1"]
[ECO "E04"]
[WhiteElo "2380"]
[BlackElo "2431"]
[Annotator "RC"]
[PlyCount "120"]
[EventDate "2019.10.21"]
[EventType "tourn"]
[EventCountry "GER"]
[SourceTitle "playchess.com"]
[Source "ChessBase"]
[SourceQuality "1"]
[TimeControl "40/5400+30:900+30"]

1. d4 d5 2. c4 e6 3. Nf3 Nf6 4. g3 dxc4 5. Bg2 Bb4+ 6. Bd2 a5 7. Qc2 Bxd2+ 8. Qxd2 c6 9. a4 Ne4 10. Qf4 Qb6 11. O-O Qxb2 12. Na3 Nc3 13. Qe3 Nxe2+ 14. Kh1 Nc3 15. Ne5 O-O 16. Rfc1 Nd5 17. Bxd5 exd5 18. Rcb1 Qb4 19. Rxb4 axb4 20. Naxc4 dxc4 21. Nxc4 Be6 22. Nd6 Nd7 23. a5 b3 24. Qc3 Rfb8 25. f3 Ra6 26. Re1 c5 27. dxc5 Rc6 28. Ne4 Rbc8 29. Qb4 Nxc5 30. Nxc5 Rxc5 31. Rxe6 fxe6 32. Qxb3 Rc2 33. Qxb7 Rd8 34. Qb1 Rdd2 35. Qf1 Ra2 36. a6 Rxh2+ 37. Kg1 Rhb2 38. a7 Rxa7 39. Qc1 Rab7 40. Qc4 Kf7 41. Qf4+ Ke8 42. Qc4 R2b6 43. Kg2 h6 44. Qf4 Rb5 45. Qe4 Kf7 46. Qc6 R5b6 47. Qe4 Rb4 48. Qc6 h5 49. Qc5 R4b5 50. Qc4 Rb1 51. Qf4+ Kg8 52. g4 hxg4 53. fxg4 R7b2+ 54. Kh3 Rb3+ 55. Kg2 R1b2+ 56. Kg1 Rc2 57. Qf1 Rbb2 58. Kh1 g6 59. Qg1 e5 60. g5 Rh2+ 0-1

[Event "150 Years SG Braunschweig"]
[Site "Brunswick"]
[Date "2019.10.25"]
[Round "8.1"]
[White "Gajek, Radoslaw"]
[Black "Lubbe, Melanie"]
[Result "0-1"]
[ECO "B09"]
[WhiteElo "2411"]
[BlackElo "2242"]
[Annotator "ChessBase"]
[PlyCount "76"]
[EventDate "2019.10.21"]
[EventType "tourn"]
[EventCountry "GER"]
[SourceTitle "playchess.com"]
[Source "ChessBase"]
[SourceQuality "1"]
[TimeControl "40/5400+30:900+30"]

1. e4 d6 2. d4 Nf6 3. Nc3 g6 4. f4 Bg7 5. Nf3 O-O 6. e5 dxe5 7. fxe5 Nd5 8. Bc4 Be6 9. Bxd5 Bxd5 10. Nxd5 Qxd5 11. Qe2 b5 12. O-O Nc6 13. c3 b4 14. Rd1 bxc3 15. bxc3 Na5 16. Ba3 Rfe8 17. Rab1 Nc4 18. Bc5 a5 19. Rb5 f6 20. e6 Ra6 21. Re1 Bh6 22. a4 Ne3 23. Bb6 Qc6 24. Bxa5 Rea8 25. Bb4 Rxa4 26. d5 Qa6 27. Rc5 Qa7 28. Qd3 Ra1 29. Kf2 Rxe1 30. Nxe1 Qa1 31. c4 Qb2+ 32. Bd2 Ng4+ 33. Ke2 Qe5+ 34. Kf1 Bxd2 35. Qxd2 Ra1 36. h3 Qf5+ 37. Kg1 Qc2 38. Qa5 Qf2+ 0-1

[Event "150 Years SG Braunschweig"]
[Site "Brunswick"]
[Date "2019.10.25"]
[Round "8.2"]
[White "Krasenkow, Michal"]
[Black "Meshkovs, Nikita"]
[Result "1/2-1/2"]
[ECO "E46"]
[WhiteElo "2622"]
[BlackElo "2548"]
[Annotator "ChessBase"]
[PlyCount "97"]
[EventDate "2019.10.21"]
[EventType "tourn"]
[EventCountry "GER"]
[SourceTitle "playchess.com"]
[Source "ChessBase"]
[SourceQuality "1"]
[TimeControl "40/5400+30:900+30"]

1. d4 Nf6 2. c4 e6 3. Nc3 Bb4 4. e3 O-O 5. Bd2 b6 6. Bd3 Bb7 7. f3 d5 8. cxd5 exd5 9. Nge2 Re8 10. O-O Bd6 11. Qe1 c5 12. Qh4 Ba6 13. Bxa6 Nxa6 14. g4 Nb4 15. Nb5 Bb8 16. Na3 Nd3 17. Rab1 a6 18. Nc1 Nxc1 19. Rbxc1 Bd6 20. Nb1 Rc8 21. Nc3 cxd4 22. exd4 Rc4 23. Bg5 Rxd4 24. Bxf6 gxf6 25. Rcd1 Bc5 26. Kh1 Re5 27. Rxd4 Bxd4 28. g5 Be3 29. gxf6 Kh8 30. f4 Re8 31. Qg3 Qxf6 32. Nxd5 Qc6 33. Qf3 Bd4 34. b3 f5 35. Nb4 Qxf3+ 36. Rxf3 Re1+ 37. Kg2 a5 38. Nc6 Bc5 39. a4 Re2+ 40. Kg3 Kg7 41. Ne5 Be3 42. Nc4 Bg1 43. h3 Bh2+ 44. Kh4 Kg6 45. Nxb6 Kh6 46. Nc4 Bg1 47. Kg3 Bh2+ 48. Kh4 Bg1 49. Kg3 1/2-1/2

[Event "150 Years SG Braunschweig"]
[Site "Brunswick"]
[Date "2019.10.25"]
[Round "8.3"]
[White "Lubbe, Nikolas"]
[Black "Reuker, Jari"]
[Result "1-0"]
[ECO "D00"]
[WhiteElo "2431"]
[BlackElo "2394"]
[Annotator "NA"]
[PlyCount "93"]
[EventDate "2019.10.21"]
[EventType "tourn"]
[EventCountry "GER"]
[SourceTitle "playchess.com"]
[Source "ChessBase"]
[SourceQuality "1"]
[TimeControl "40/5400+30:900+30"]

1. d4 Nf6 2. Bg5 d5 3. e3 c5 4. Bxf6 gxf6 5. c3 Nc6 (5... Qb6 6. Qb3 Nc6 7. Nd2 cxd4 8. exd4 e5 9. Ngf3 Be6 10. Bb5 e4 11. Nh4 f5 12. g3 Bd6 13. Ng2 O-O {1-0 (48) Jobava,B (2702)-Matlakov,M (2694) Doha 2016}) 6. Nd2 {[%emt 0:03:31] D00: 1 d4 d5: Unusual lines} e5 7. Nb3 c4 $146 ({Predecessor:} 7... cxd4 8. exd4 e4 9. Qh5 f5 10. f4 Qf6 11. Nh3 Qg6 12. Qe2 Bd7 13. O-O-O {1-0 (68) Abhilash,R (2133)-Hansen,T (2429) Barcelona 2017}) 8. Nd2 Be6 9. g3 Qd7 10. Bg2 Be7 11. Ne2 O-O 12. O-O b5 13. f4 e4 14. f5 Bxf5 15. Nf4 Bg4 16. Qe1 Kh8 17. Qf2 Rac8 18. h3 Be6 $1 19. g4 (19. Nxe4 $1 $15 dxe4 {[#]} 20. d5 $1 ) 19... Rg8 20. Nh5 Rg6 21. Rad1 {[%emt 0:00:50] [#]} Rcg8 $1 22. Nxe4 f5 (22... dxe4 $17 23. Nf4 Bd5 24. Nxd5 Qxd5) 23. Nc5 Bxc5 ({Black should try} 23... Qc8 $15 24. Nf4 Rh6 25. Ncxe6 (25. Nfxe6 fxe6 26. gxf5 Rxh3 $19) 25... fxg4 26. hxg4 fxe6) 24. dxc5 Ne5 (24... Qe7 $11) 25. e4 (25. Qf4 $16 Nc6 26. Kh1 {[%mdl 64] Decoy}) 25... fxg4 26. Qd4 Qc7 ({Wrong is} 26... gxh3 $2 27. Qxe5+ f6 28. Rxf6 $18) 27. h4 dxe4 $1 28. Bxe4 Rh6 29. Nf6 Rc8 30. Bg2 Rxh4 $2 {[%emt 0:00:28] [#]} (30... Rxf6 $11 {and Black stays safe.} 31. Rxf6 Qxc5) 31. Rfe1 $1 Qxc5 32. Rxe5 Qxd4+ 33. cxd4 Kg7 34. Nh5+ Rxh5 35. Rxh5 f5 36. d5 Bd7 37. Kf2 c3 38. bxc3 Rxc3 39. Rdh1 Rc2+ 40. Kg3 Kf6 41. Rh6+ Ke5 42. Re1+ Kd4 43. Rxh7 Bc8 44. Rxa7 b4 45. d6 f4+ 46. Kxf4 Rxg2 47. Rd1+ {[%emt 0:04:13] Kd5 Ke4+} 1-0

[Event "150 Years SG Braunschweig"]
[Site "Brunswick"]
[Date "2019.10.25"]
[Round "8.4"]
[White "Ovsejevitsch, Sergei"]
[Black "Olsen, Filip Boe"]
[Result "1-0"]
[ECO "D30"]
[WhiteElo "2617"]
[BlackElo "2380"]
[Annotator "ChessBase"]
[PlyCount "123"]
[EventDate "2019.10.21"]
[EventType "tourn"]
[EventCountry "GER"]
[SourceTitle "playchess.com"]
[Source "ChessBase"]
[SourceQuality "1"]
[TimeControl "40/5400+30:900+30"]

1. Nf3 d5 2. d4 Nf6 3. c4 e6 4. e3 a6 5. b3 c5 6. Bb2 cxd4 7. exd4 b6 8. Bd3 Bb7 9. O-O Bd6 10. Nbd2 O-O 11. Qe2 Nbd7 12. Ne5 Qe7 13. Rad1 Rfd8 14. Ndf3 dxc4 15. bxc4 Nf8 16. Ng5 Bxe5 17. dxe5 Ne8 18. Qe3 h6 19. Ne4 Rac8 20. Nd6 Nxd6 21. exd6 Qg5 22. Qxg5 hxg5 23. f4 g4 24. f5 exf5 25. Bxf5 Rxc4 26. Be5 Ne6 27. Bg3 Ra4 28. Rf2 Nc5 29. d7 Bc6 30. Rfd2 Bxd7 31. Bxd7 Rxd7 32. Rxd7 Nxd7 33. Rxd7 Rxa2 34. Rd4 b5 35. Rxg4 f6 36. Rb4 Kf7 37. h4 g5 38. Kh2 Ke6 39. Kh3 Rc2 40. Rb1 Ra2 41. Be1 Ra4 42. g3 Kf5 43. Rb4 Ra3 44. Kg2 Ra2+ 45. Kf3 Ra3+ 46. Ke2 Kg6 47. Kd2 Ra1 48. Ke2 Ra3 49. Bf2 Ra2+ 50. Kf3 Ra3+ 51. Be3 Kf5 52. g4+ Kg6 53. hxg5 fxg5 54. Rd4 a5 55. Rd5 b4 56. Rxg5+ Kf6 57. Rb5 Kf7 58. g5 Kg6 59. Kf4 b3 60. Rb6+ Kf7 61. g6+ Kg8 62. Bd4 1-0

[Event "150 Years SG Braunschweig"]
[Site "Brunswick"]
[Date "2019.10.25"]
[Round "8.5"]
[White "Pajeken, Jakob Leon"]
[Black "Buckels, Valentin"]
[Result "1-0"]
[ECO "D30"]
[WhiteElo "2323"]
[BlackElo "2442"]
[Annotator "ChessBase"]
[PlyCount "59"]
[EventDate "2019.10.21"]
[EventType "tourn"]
[EventCountry "GER"]
[SourceTitle "playchess.com"]
[Source "ChessBase"]
[SourceQuality "1"]
[TimeControl "40/5400+30:900+30"]

1. d4 d5 2. c4 e6 3. Nf3 Nf6 4. e3 a6 5. Nc3 b6 6. Bd3 dxc4 7. Bxc4 Bb7 8. O-O Nbd7 9. a4 Bb4 10. Qe2 O-O 11. Bd3 Qe7 12. e4 e5 13. Nxe5 Nxe5 14. dxe5 Qxe5 15. f4 Bc5+ 16. Be3 Bxe3+ 17. Qxe3 Ng4 18. Qg3 Qd4+ 19. Kh1 f5 20. Rae1 Rae8 21. Bb1 Nf6 22. e5 Ne4 23. Bxe4 fxe4 24. Rd1 Qc4 25. f5 Kh8 26. e6 e3 27. Rf4 Qc5 28. Rd7 Rg8 29. Qg6 h6 30. Rh4 1-0

[Event "150 Years SG Braunschweig"]
[Site "Brunswick"]
[Date "2019.10.26"]
[Round "9.2"]
[White "Olsen, Filip Boe"]
[Black "Pajeken, Jakob Leon"]
[Result "1/2-1/2"]
[ECO "A20"]
[WhiteElo "2380"]
[BlackElo "2323"]
[Annotator "NA"]
[PlyCount "130"]
[EventDate "2019.10.21"]
[EventType "tourn"]
[EventCountry "GER"]
[SourceTitle "playchess.com"]
[Source "ChessBase"]
[SourceQuality "1"]
[TimeControl "40/5400+30:900+30"]

1. c4 e5 2. g3 c6 3. Bg2 d5 4. cxd5 cxd5 5. d4 e4 6. Nc3 {[%emt 0:01:22] A20: English Opening: 1...e5} Nc6 7. f3 exf3 8. Nxf3 h6 9. O-O Nf6 10. Bf4 $146 ({Predecessor:} 10. Ne5) 10... Be7 11. Qd3 O-O 12. a3 Be6 13. b4 Rc8 14. Rac1 Re8 15. Kh1 Ne4 (15... a5 $15) 16. Nxe4 dxe4 17. Qxe4 Bd5 18. Qd3 Bf6 19. Rfd1 Qe7 20. b5 Bxf3 21. Qxf3 Nxd4 22. Qxb7 Rxc1 23. Rxc1 Qxe2 24. Bd5 Re7 25. Qc8+ Kh7 26. Qc4 Qh5 27. a4 Ne2 28. Rf1 Nxf4 29. Rxf4 Re1+ 30. Kg2 Re2+ 31. Kf1 Rxh2 32. Qd3+ Kg8 33. Bg2 Qg5 34. Rc4 (34. Qd7 $11 Qc5 35. Qc6) 34... g6 35. Rc8+ $2 (35. Qd6 $17) 35... Kg7 36. Kg1 Rh5 37. Qa3 Be7 $2 (37... Bd4+ $19 38. Kf1 Qf5+ {[%mdl 64] Double Attack} 39. Bf3 Rh1+ 40. Ke2 Rh2+ 41. Kd1 Qxc8) 38. Qc3+ Qf6 39. Qxf6+ Kxf6 40. Rc6+ Ke5 41. Bf3 $15 Rf5 42. Kg2 Kd4 43. Rc7 Bc5 44. a5 Ke3 45. Bc6 Rf2+ 46. Kh3 f5 47. Bg2 Kd4 48. b6 axb6 49. axb6 Bxb6 50. Rc6 Ba5 51. Rxg6 Bd2 52. Re6 Bg5 53. Ba8 Ra2 54. Bg2 Rb2 55. Rd6+ Ke5 56. Rd5+ Ke6 57. Ra5 Rd2 58. Ra6+ Ke5 59. Ra5+ Ke6 60. Ra6+ Ke7 61. Ra7+ Kd6 62. Ra6+ Kc7 63. Ra7+ Kb6 64. Rf7 Rf2 65. Be4 f4 1/2-1/2

[Event "150 Years SG Braunschweig"]
[Site "Brunswick"]
[Date "2019.10.26"]
[Round "9.3"]
[White "Reuker, Jari"]
[Black "Ovsejevitsch, Sergei"]
[Result "0-1"]
[ECO "E12"]
[WhiteElo "2394"]
[BlackElo "2617"]
[Annotator "ChessBase"]
[PlyCount "74"]
[EventDate "2019.10.21"]
[EventType "tourn"]
[EventCountry "GER"]
[SourceTitle "playchess.com"]
[Source "ChessBase"]
[SourceQuality "1"]
[TimeControl "40/5400+30:900+30"]

1. d4 Nf6 2. c4 e6 3. g3 d5 4. Nf3 Be7 5. Bg2 O-O 6. Nc3 b6 7. O-O Bb7 8. cxd5 exd5 9. Bf4 Re8 10. Rc1 Na6 11. Ne5 h6 12. a3 c5 13. Nb5 Bf8 14. Qa4 Qe7 15. Rfe1 Ne4 16. Nd3 Qd7 17. Ne5 Rxe5 18. Bxe5 Bc6 19. Bh3 Qxh3 20. Qxa6 f6 21. Bf4 g5 22. Be3 Qd7 23. Nxa7 Rxa7 24. Qxb6 c4 25. f3 Rb7 26. Qa5 Rb3 27. fxe4 Rxe3 28. exd5 Bxd5 29. Rc3 Qe6 30. Kf2 Qe4 31. Qxd5+ Qxd5 32. Kxe3 f5 33. Rd1 Bg7 34. Kf2 Bxd4+ 35. e3 Bxe3+ 36. Ke2 Bd4 37. Rcc1 Qg2+ 0-1

[Event "150 Years SG Braunschweig"]
[Site "Brunswick"]
[Date "2019.10.26"]
[Round "9.4"]
[White "Meshkovs, Nikita"]
[Black "Lubbe, Nikolas"]
[Result "0-1"]
[ECO "D35"]
[WhiteElo "2548"]
[BlackElo "2431"]
[Annotator "ChessBase"]
[PlyCount "130"]
[EventDate "2019.10.21"]
[EventType "tourn"]
[EventCountry "GER"]
[SourceTitle "playchess.com"]
[Source "ChessBase"]
[SourceQuality "1"]
[TimeControl "40/5400+30:900+30"]

1. c4 e6 2. Nc3 d5 3. d4 Nf6 4. Bf4 Be7 5. e3 O-O 6. a3 b6 7. cxd5 Nxd5 8. Nxd5 Qxd5 9. Be2 Bb7 10. Bf3 Qa5+ 11. Qd2 Qa6 12. Bxc7 Nc6 13. Rc1 Rfc8 14. Rxc6 Bxc6 15. Bxc6 Rxc7 16. Bxa8 Bb4 17. Qxb4 Qd3 18. Qd2 Qb1+ 19. Ke2 Rc2 20. Qxc2 Qxc2+ 21. Kf3 Qf5+ 22. Kg3 Qg6+ 23. Kf3 f5 24. Ke2 Qe8 25. Bf3 Qb5+ 26. Kd1 Qf1+ 27. Kd2 g5 28. h4 g4 29. Bb7 Qb1 30. Kc3 Qc1+ 31. Kd3 Qd1+ 32. Kc3 a5 33. a4 Qc1+ 34. Kd3 b5 35. axb5 Qf1+ 36. Kc3 Qxb5 37. Ba8 Qa6 38. Bf3 Qf1 39. Ba8 Qxf2 40. Kd3 Qf1+ 41. Kd2 Qb1 42. g3 Qxb2+ 43. Kd3 Qb5+ 44. Kd2 Qb8 45. Bc6 Qb2+ 46. Kd3 Qc1 47. Ne2 Qxc6 48. Rc1 Qa6+ 49. Kd2 a4 50. Ra1 a3 51. Nc3 Qb7 52. Kd3 Qb3 53. Ra2 Kf7 54. Kd2 Kf6 55. Rc2 h5 56. Kd3 e5 57. dxe5+ Kxe5 58. Rf2 Ke6 59. Ra2 Qb4 60. Kc2 Kf7 61. Kd3 Qd6+ 62. Ke2 Qxg3 63. Rxa3 Qh2+ 64. Ke1 Qxh4+ 65. Kd2 Qh2+ 0-1

[Event "150 Years SG Braunschweig"]
[Site "Brunswick"]
[Date "2019.10.26"]
[Round "9.5"]
[White "Lubbe, Melanie"]
[Black "Krasenkow, Michal"]
[Result "0-1"]
[ECO "B08"]
[WhiteElo "2242"]
[BlackElo "2622"]
[Annotator "ChessBase"]
[PlyCount "120"]
[EventDate "2019.10.21"]
[EventType "tourn"]
[EventCountry "GER"]
[SourceTitle "playchess.com"]
[Source "ChessBase"]
[SourceQuality "1"]
[TimeControl "40/5400+30:900+30"]

1. e4 g6 2. d4 Bg7 3. Nc3 c6 4. Nf3 d6 5. Be3 Nf6 6. h3 O-O 7. Bd3 b5 8. O-O Nbd7 9. Qd2 Bb7 10. a4 b4 11. Ne2 c5 12. Ng3 a5 13. c3 cxd4 14. cxd4 Rc8 15. Rfe1 e6 16. e5 dxe5 17. dxe5 Nd5 18. Bg5 Qb6 19. Bh6 Rfd8 20. Qg5 Bh8 21. Ne4 Nc5 22. Nxc5 Qxc5 23. h4 Nc3 24. Re3 Bxf3 25. Rxf3 Nd5 26. h5 Ne7 27. Re1 Rd5 28. Qf4 Nf5 29. Bxf5 exf5 30. e6 Be5 31. exf7+ Kxf7 32. Qg5 Bxb2 33. Rfe3 Bf6 34. Qg3 g5 35. Re6 g4 36. Qf4 Rg8 37. Ra6 Bc3 38. Rc1 Rgd8 39. g3 Rd1+ 40. Rxd1 Rxd1+ 41. Kh2 Rd7 42. Ra8 Bd2 43. Rf8+ Ke7 44. Rxf5 Bxf4 45. Bf8+ Ke6 46. Rxc5 Bd6 47. Bxd6 Kxd6 48. Rg5 Rb7 49. Rxg4 b3 50. Rd4+ Kc5 51. Rd1 Kb4 52. g4 Kxa4 53. g5 b2 54. Rb1 Kb3 55. f4 a4 56. g6 hxg6 57. hxg6 a3 58. f5 a2 59. Rxb2+ Kxb2 60. f6 a1=Q 0-1